AoeStats
← YeomanStew4412

Arabia

510638715Analyzed
1v1 RM · 2d ago on Oct 1, 2026· 56m 13s· 2 players
Game mode
Random Map
Map size
Tiny (2 player)
Population
200
Speed
Normal
Resources
Standard
Victory
Conquest
Starting age
Dark Age
Ending age
Imperial Age
RankedLock teamsTeams togetherTeam positionsShared explorationLock speedFull tech treeHidden civsTurbo modeCheats
Victory
Defeat
🇨🇴 Inca · Colombia
620
+17
🇺🇸 Japanese · United States
637
-17
YeomanStew4412
0:47 Loom
11:41 Feudal Age
19:47 Champi Runner
21:44 Forging
22:24 Fletching
23:07 Padded Archer Armor
24:00 Wheelbarrow
27:22 Castle Age
25:26 Scale Mail Armor
28:25 Double-Bit Axe
28:23 Horse Collar
28:07 Elite Skirmisher
30:08 Pikeman
30:54 Stone Mining
32:20 Iron Casting
32:29 Squires
32:59 Chain Mail Armor
33:27 Sanctity
38:40 Bodkin Arrow
39:39 Leather Archer Armor
41:11 Ballistics
40:47 Murder Holes
41:27 Andean Sling
46:41 Imperial Age
48:25 Hoardings
47:28 Elite Kamayuk
48:56 Stone Shaft Mining
48:12 Gold Mining
48:32 Bow Saw
48:23 Heavy Plow
49:29 Chemistry
48:15 Arrowslits
48:21 Heated Shot
48:12 Treadmill Crane
48:24 Onager
49:58 Block Printing
50:43 Hand Cart
51:15 Gold Shaft Mining
54:25 Crop Rotation
55:53 Town Watch
56:43 Redemption
SKY_RL
13:30 Feudal Age
13:30 Man-at-Arms
14:25 Horse Collar
15:12 Arson
15:51 Double-Bit Axe
19:21 Loom
26:46 Fletching
39:20 Castle Age
40:05 Long Swordsman
40:30 Gambesons
40:07 Crossbowman
49:05 Thumb Ring
Connection lost

Rejoining the realm…

Still unreachable

The connection could not be restored.

Session expired

The server has moved on; the page needs a fresh start.